 Dungeon Crawl Stone Soup version 0.30-a0-469-g84de5afbc5 (webtiles) character file.

Game seed: 12667098926806561429

180 NinjaNoafa the Digger (level 5, -12/28 HPs)
             Began as a Gargoyle Earth Elementalist on Dec 19, 2022.
             Mangled by an ogre
             ... wielding a +0 giant spiked club
              (25 damage)
             ... on level 4 of the Dungeon.
             The game lasted 00:03:27 (3338 turns).

NinjaNoafa the Digger (Gargoyle Earth Elementalist) Turns: 3338, Time: 00:03:27

Health: -12/28     AC:  7    Str: 12    XL:     5   Next: 60%
Magic:  18/18      EV: 11    Int: 17    God:
Gold:   222        SH:  0    Dex: 10    Spells: 7/10 levels left

rFire   + . .      SeeInvis .    u - staff of earth
rCold   . . .      Faith    .    (no shield)
rNeg    + . .      Spirit   .    a - +0 robe
rPois   ∞          Reflect  .    (no helmet)
rElec   +          Harm     .    t - +0 cloak
rCorr   .          Rampage  .    (no gloves)
Will    .....                    (no boots)
Stlth   ++........               (no amulet)
HPRegen 0.24/turn                c - ring of magical power
MPRegen 0.16/turn                k - ring of protection from fire

@: about to teleport
A: sickness immunity, AC +4, negative energy resistance 1, electricity
resistance, torment resistance 1, petrification resistance
a: no special abilities


You were on level 4 of the Dungeon.
You visited 1 branch of the dungeon, and saw 4 of its levels.

You collected 222 gold pieces.

Inventory:

Missiles
 d - 15 stones
 n - 6 boomerangs
Armour
 a - a +0 robe (worn)
 t - a +0 cloak (worn)
Magical Staves
 u - a staff of earth (weapon)
Jewellery
 c - a ring of magical power (left hand)
 k - a ring of protection from fire (right hand)
Scrolls
 f - a scroll of blinking {unknown}
 i - a scroll of noise {unknown}
 j - 3 scrolls of teleportation
 l - 3 scrolls of identify {unknown}
 m - a scroll of enchant weapon {unknown}
 p - a scroll of brand weapon {unknown}
 q - a scroll of enchant armour {unknown}
 r - a scroll of poison {unknown}
 v - a scroll of silence {unknown}
Potions
 b - a potion of magic
 e - a potion of attraction {unknown}
 g - a potion of resistance {unknown}
 h - 2 potions of degeneration {unknown}
 o - a potion of berserk rage {unknown}
 s - a potion of heal wounds {unknown}
 w - a potion of brilliance {unknown}


   Skills:
 - Level 1.5 Dodging
 - Level 2.1 Stealth
 - Level 3.0 Spellcasting
 + Level 2.2 Transmutations
 - Level 5.7 Earth Magic


You had 7 spell levels left.
You knew the following spells:

 Your Spells              Type           Power      Damage    Failure   Level
a - Sandblast             Erth           66%        2d15      1%          1
b - Passwall              Tmut/Erth      20%        N/A       4%          2

Your spell library contained the following spells:

 Spells                   Type           Power      Damage    Failure   Level
 Stone Arrow              Conj/Erth      36%        3d9       16%         3
 Petrify                  Tmut/Erth      24%        N/A       32%         4


Dungeon Overview and Level Annotations

Branches:
Dungeon (4/15)
 Temple: D:4-7

Altars:


Innate Abilities, Weirdness & Mutations

You are immune to sickness and miasma.
Your stone body is resilient. (AC +4)
You are immune to poison.
You resist negative energy. (rN+)
You are resistant to electric shocks. (rElec)
You are resistant to unholy torment.
You are immune to petrification.


Message History

A rock wall.
You feel a surge of power!
You begin to meditate on the wall.
You continue meditating on the rock. x3
You finish merging with the rock.
Things that are here:
a +0 club; a +0 ring mail
v - a scroll labelled XOLEOGIDO
Items here: )) ††.
You see here a hobgoblin corpse.
w - a grey potion You now have 190 gold pieces (gained 15).
You see here a +0 short sword.
You see here a +0 spear.
You now have 207 gold pieces (gained 17).
Key pressed, stopping explore.
You now have 222 gold pieces (gained 15).
You open the door.
There is an open door here.
An ogre comes into view. It is wielding a +0 giant spiked club.
The ogre shouts!
Casting: Passwall (safe; 4% risk of failure)
Confirm with . or Enter, or press ? or * to list all spells.
Aiming: Passwall (safe; 4% risk of failure)
Press: ? - help, Dir - move target A rock wall.
Okay, then.
The ogre attacks as you move away!
The ogre hits you with a +0 giant spiked club!
Ouch! That really hurt!
Casting: Passwall (safe; 4% risk of failure)
Confirm with . or Enter, or press ? or * to list all spells.
Aiming: Sandblast (safe; 1% risk of failure)
Press: ? - help, Shift-Dir - straight line, f - ogre
Aim: an ogre, wielding a +0 giant spiked club (92% to hit)
Okay, then.
As you read the scroll labelled KYGREW SACARCH, it crumbles to dust.
You feel strangely unstable.
It was a scroll of teleportation.
The ogre hits you with a +0 giant spiked club!!
Ouch! That really hurt!
You die...

#### ... ############.#
#.....@O.....# #####
#.############ ....#
#.#
....#######.###########
....'.....#.#.........#
....####.##.#.........#
....# #.##.#.........+
....####.##...........#
.......#.#............#


You could see an ogre.

Vanquished Creatures
  An orc wizard (D:3)
  2 adders
  5 gnolls
  2 worms
  A dart slug (D:4)
  6 orcs
  4 endoplasms (D:1)
  5 giant cockroaches
  10 goblins
  5 hobgoblins
  7 jackals
  6 kobolds
  A quokka (D:3)
  9 ball pythons
  3 bats
  A frilled lizard (D:1)
  3 rats
  A spectral goblin (D:3)
72 creatures vanquished.

Notes
Turn   | Place    | Note
-------+----------+-------------------------------------------
     0 | D:1      | NinjaNoafa the Gargoyle Earth Elementalist began the quest
                  | for the Orb.
     0 | D:1      | Reached XP level 1. HP: 10/10 MP: 3/3
   118 | D:1      | Reached skill level 4 in Earth Magic
   168 | D:1      | Reached XP level 2. HP: 15/15 MP: 1/5
   633 | D:1      | Reached XP level 3. HP: 18/19 MP: 2/6
  1630 | D:2      | Learned a level 2 spell: Passwall
  1636 | D:2      | Reached skill level 5 in Earth Magic
  1649 | D:2      | Reached XP level 4. HP: 24/24 MP: 8/8
  2087 | D:3      | Found a faded altar of an unknown god.
  2266 | D:3      | Reached skill level 1 in Transmutations
  2266 | D:3      | Reached XP level 5. HP: 28/28 MP: 9/9
  3332 | D:4      | Noticed an ogre
  3338 | D:4      | Mangled by an ogre

Illustrated notes

Levels and vault maps discovered:
D:1:      dpeg_arrival_round_a, layout_basic
D:2:      layout_loops_ring
D:3:      layout_loops_ring, dreamdust_ecumenical_altar_drowned_temple
D:4:      layout_basic, chequers_temple_overflow_statue_of_worship, minmay_bent,
          uniq_blork_the_orc

Skill      XL: |  1  2  3  4  5 |
---------------+----------------+-----
Earth Magic    | 4 5 |  5.7
Spellcasting   | 3 |  3.0
Transmutations | 1 2 |  2.2
Dodging        | |  1.5
Stealth        | |  2.1

Action                   |  1- 3 |  4- 6 || total
-------------------------+-------+-------++-------
Melee: Unarmed           |    18 |       ||    18
       Morningstar       |    10 |     3 ||    13
 Cast: Sandblast         |    49 |    57 ||   106
       Passwall          |       |     4 ||     4
  Use: Scroll            |       |     1 ||     1
 Stab: Sleeping          |     1 |       ||     1
Armor: Robe              |    21 |     8 ||    29
Dodge: Dodged            |    27 |    18 ||    45

Table legend: (Time is in decaauts)
 A = Elapsed time spent in this place.
 B = Non-inter-level travel time spent in this place.
 C = Inter-level travel time spent in this place.
 D = Time resting spent in this place.
 E = Time spent auto-exploring this place.
 F = Levels seen in this place.
 G = Mean time per level.
                   A        B        C        D        E       F      G
               +--------+--------+--------+--------+--------+-----+--------+
         Total |   3401 |   3266 |    135 |     56 |   2660 |   4 |  850.2 |
       Dungeon |   3401 |   3266 |    135 |     56 |   2660 |   4 |  850.2 |
               +--------+--------+--------+--------+--------+-----+--------+

Top non-repeatable levels by time:
     D:1: 1303 daAuts
     D:3: 882 daAuts
     D:2: 784 daAuts
     D:4: 431 daAuts
